 Dungeon Crawl Stone Soup version 0.30-a0-1163-gf69bf04e7a (webtiles) character file.

Game seed: 8467336967361105488

188336 Querens the Sorcerer (level 17, -17/100 HPs)
             Began as a Deep Elf Conjurer on Apr 28, 2023.
             Was a High Priest of Vehumet.
             Blown up by a sun moth (42 damage)
             ... with a bolt of energy
             ... on level 3 of the Shoals.
             The game lasted 02:23:00 (16062 turns).

Querens the Sorcerer (Deep Elf Conjurer)           Turns: 16062, Time: 02:23:01

Health: -17/100    AC: 12    Str:  4    XL:     17   Next: 47%
Magic:  2/53       EV: 12    Int: 37    God:    Vehumet [*****.]
Gold:   1334       SH:  0    Dex: 13    Spells: 20/59 levels left

rFire   . . .        Z - staff of conjuration "Lires Cuy" {rC+}
rCold   + + +        (no shield)
rNeg    . . .        I - +4 skin of Zhor {*Englaciate rC+++ SInv}
rPois   .            Y - +1 helmet of the Bulwark {rF- Int+5 SInv}
rElec   +            A - scarf {rC+ rF+}
rCorr   .            Q - +2 pair of gloves
SInv    +            X - +0 pair of boots
Will    +....        t - amulet of the Air {Inacc Air Fly rElec RMsl}
Stlth   ++           y - ring of wizardry
HPRegen 0.36/turn    S - ring of magical power
MPRegen 0.33/turn

%: repel missiles, wizardry (x1)
@: flying
A: no striking features
}: 1/15 runes: serpentine
a: Renounce Religion


You were on level 3 of the Shoals.
You worshipped Vehumet.
Vehumet was extremely pleased with you.
You visited 6 branches of the dungeon, and saw 26 of its levels.
You also visited: Bailey, Gauntlet and Ice Cave.

You collected 3699 gold pieces.
You spent 2365 gold pieces at shops.

Inventory:

Hand Weapons
 h - the +5 sling of Ustalouti {elec, *Corrode rF+ rN+}
   (You found it on level 2 of the Dungeon)

   rF:        It protects you from fire.
   rN:        It protects you from negative energy.
   *Corrode:  It may corrode you when you take damage.
 v - the +1 shortbow of Context {heavy, rElec MP+9 Str+4 Int-4}
   (You found it on level 3 of the Shoals)

   Str:       It affects your strength (+4).
   Int:       It affects your intelligence (-4).
   rElec:     It insulates you from electricity.
   MP:        It affects your magic capacity (+9).
Armour
 r - a +0 kite shield of reflection
 A - a scarf of resistance (worn)
 E - a +0 buckler
 F - a +0 troll leather armour
 I - the +4 skin of Zhor (worn) {*Englaciate rC+++ SInv}
   (You found it on level 3 of the Lair of Beasts)

   *Englaciate: It radiates cold, occasionally slowing all nearby creatures who
   are not resistant to cold.
   rC:        It renders you almost immune to cold.
   SInv:      It lets you see invisible.
 N - a +2 robe of resistance
 O - a scarf of repulsion
 Q - a +2 pair of gloves (worn)
 T - a +1 helmet of see invisible
 X - a +0 pair of boots (worn)
 Y - the +1 helmet of the Bulwark (worn) {rF- Int+5 SInv}
   (You found it in a Gauntlet)

   Int:       It affects your intelligence (+5).
   rF:        It makes you vulnerable to fire.
   SInv:      It lets you see invisible.
Magical Staves
 a - a staff of cold
 n - the staff of air "Lueli" {rElec Str+4}
   (You found it on level 3 of the Snake Pit)

   [staff of air]

   Base accuracy: +5 Base damage: 5 Base attack delay: 1.2 This weapon's minimum
   attack delay (0.6) is reached at skill level 12.
   Str:       It affects your strength (+4).
   rElec:     It insulates you from electricity.
   It falls into the 'Staves' category.
   It is a one-handed weapon.
 Z - the staff of conjuration "Lires Cuy" (weapon) {rC+}
   (You found it in a Gauntlet)

   [staff of conjuration]

   Base accuracy: +5 Base damage: 5 Base attack delay: 1.2 This weapon's minimum
   attack delay (0.6) is reached at skill level 12.
   rC:        It protects you from cold.
   It falls into the 'Staves' category.
   It is a one-handed weapon.
Jewellery
 f - a +6 ring of intelligence
 i - the ring "Ashronuri" {+Blink rF+}
   (You found it on level 5 of the Lair of Beasts)

   [ring of protection from fire]

   rF:        It protects you from fire.
   +Blink:    It lets you blink.
 t - the amulet of the Air (around neck) {Inacc Air Fly rElec RMsl}
   (You found it on level 5 of the Lair of Beasts)

   [amulet of nothing]

   Inacc:     It reduces the accuracy of your attacks and spells.
   Air:       It enhances your air magic.
   rElec:     It insulates you from electricity.
   Fly:       It grants you flight.
   RMsl:      It protects you from missiles.
 y - a ring of wizardry (left hand)
 z - a ring of fire
 P - a ring of protection from cold
 S - a ring of magical power (right hand)
 U - the ring "Demovaec" {Str+5 Dex+5 SInv Stlth-}
   (You found it on level 1 of the Snake Pit)

   [ring of see invisible]

   Str:       It affects your strength (+5).
   Dex:       It affects your dexterity (+5).
   SInv:      It lets you see invisible.
   Stlth:     It makes you less stealthy.
Wands
 C - a wand of roots (3)
Scrolls
 c - 16 scrolls of teleportation
 d - 3 scrolls of blinking
 e - 2 scrolls of brand weapon
 l - 2 scrolls of poison
 p - 2 scrolls of butterflies
 q - 3 scrolls of fear
 u - 6 scrolls of enchant weapon
 x - 4 scrolls of immolation
 D - 3 scrolls of enchant armour
 G - 5 scrolls of amnesia
 J - 3 scrolls of magic mapping
 L - 2 scrolls of silence
 M - 9 scrolls of fog
Potions
 b - 2 potions of magic
 g - 5 potions of flight
 j - 9 potions of heal wounds
 k - 5 potions of attraction
 m - 3 potions of resistance
 o - 6 potions of curing
 s - 2 potions of invisibility {unknown}
 w - 4 potions of might
 B - 4 potions of lignification
 H - 7 potions of haste
 R - 2 potions of brilliance
 V - 2 potions of mutation {unknown}
 W - 2 potions of cancellation


   Skills:
 + Level 9.3 Fighting
 - Level 2.4 Dodging
 - Level 2.4 Stealth
 - Level 5.0 Shields
 + Level 21.8 Spellcasting
 + Level 19.0 Conjurations
 - Level 10.0 Translocations
 + Level 15.9 Fire Magic
 + Level 5.8 Earth Magic


You had 20 spell levels left.
You knew the following spells:

 Your Spells              Type           Power      Damage    Failure   Level
a - Magic Dart            Conj           100%       1d8       0%          1
b - Searing Ray           Conj           100%       2d8       0%          2
c - Iskenderun's Mystic   Conj/Tloc      100%       2d19      0%          4
d - Fulminant Prism       Conj/Hex       52%        3d22      1%          4
e - Fire Storm            Conj/Fire      65%        8d16      6%          9
f - Fireball              Conj/Fire      65%        3d25      0%          5
g - Starburst             Conj/Fire      65%        6d17      1%          6
h - Lehudib's Crystal Sp  Conj/Erth      57%        10d13     3%          8

Your spell library contained the following spells:

 Spells                   Type           Power      Damage    Failure   Level
 Orb of Destruction       Conj           67%        9d16      1%          7
 Foxfire                  Conj/Fire      100%       2x1d9     0%          1
 Kiss of Death            Conj/Necr      100%       2d13      0%          1
 Sandblast                Erth           100%       2d20      1%          1
 Poisonous Vapours        Pois/Air       100%       N/A       1%          2
 Confusing Touch          Hex            40%        N/A       1%          3
 Dazzling Flash           Conj/Hex       100%       N/A       1%          3
 Ozocubu's Armour         Ice            40%        N/A       1%          3
 Tukima's Dance           Hex            40%        N/A       1%          3
 Animate Armour           Summ/Erth      100%       N/A       1%          4
 Olgreb's Toxic Radiance  Pois           40%        N/A       1%          4
 Passage of Golubria      Tloc           85%        N/A       1%          4
 Petrify                  Tmut/Erth      58%        N/A       1%          4
 Arcjolt                  Conj/Air       64%        1d74      1%          5
 Iron Shot                Conj/Erth      57%        9d11      1%          6
 Plasma Beam              Fire/Air       49%        2x1d70    1%          6
 Ignition                 Fire           51%        3d14      1%          8
 Anguish                  Hex/Necr       20%        N/A       2%          4
 Cause Fear               Hex            20%        N/A       2%          4
 Dispel Undead            Necr           40%        3d16      2%          4
 Yara's Violent Unravell  Hex/Tmut       20%        3d9       2%          5
 Blade Hands              Tmut           20%        N/A       8%          5
 Ozocubu's Refrigeration  Ice            20%        4d11      45%         7
 Chain Lightning          Conj/Air       64%        3d86      71%         9
 Enfeeble                 Hex            20%        N/A       89%         7
 Shatter                  Erth           35%        3d28*     98%         9
 Borgnjor's Revivificati  Necr           20%        N/A       100%        8
 Discord                  Hex            20%        N/A       100%        8
 Necromutation            Tmut/Necr      20%        N/A       100%        8
 Death's Door             Necr           20%        N/A       100%        9


Dungeon Overview and Level Annotations

Branches:
Dungeon (11/15)            Temple (1/1) D:5            Lair (5/5) D:10
 Shoals (3/4) Lair:2        Snake (4/4) Lair:3        Slime (0/5) Lair:4
    Orc (2/2) D:10            Elf (0/3) Orc:2        Bailey (visited)
  IceCv (visited)         Gauntlet (visited)

Altars:
Ashenzari
Cheibriados
Dithmenos
Elyvilon
Fedhas
Gozag
Hepliaklqana
Kikubaaqudgha
Makhleb
Nemelex Xobeh
Okawaru
Qazlal
Ru
Sif Muna
Trog
Uskayaw
Vehumet
Wu Jian
Xom
Yredelemnul
Zin
The Shining One

Shops:
D:9 :   Orc:2 [=***   Shoals:1 (   Snake:1 :   Snake:2 [[


Message History

Your fire vortex is unaffected.
The grasping roots constrict the sun demon, but do no damage.
The sun demon struggles to escape constriction.
Unknown command.
Unknown command.
Unknown command.
Unknown command.
Casting: Lehudib's Crystal Spear (dangerous; 3% risk of failure)
Confirm with . or Enter, or press ? or * to list all spells.
The spell is quite dangerous to miscast (6% risk of failure)!
Continue anyway?
Aiming: Fire Storm (quite dangerous; 6% risk of failure)
Press: ? - help, Dir - move target, p - sun demon You feel a surge of power!
A raging storm of fire appears!
The great blast of fire engulfs the sun moth!!!
The sun moth partially resists.
The sun moth is severely wounded.
The tree burns like a torch!
The great blast of fire engulfs the sun demon!!
The sun demon partially resists.
The sun demon is heavily wounded.
The grasping roots constrict the sun demon.
The sun demon escapes!
The sun moth is engulfed in blazing flames.
The sun demon hits you!
You are engulfed in flames!
* * * LOW HITPOINT WARNING * * *
The sun moth is engulfed in blazing flames.
Unknown command.
Unknown command.
Unknown command.
Unknown command.
Okay, then.
Unknown command.
Unknown command.
Blink to where?
Press: ? - help, Dir - move target
As you read the scroll of blinking, it crumbles to dust.
There is a stone staircase leading up here.
The sun moth throws energy at you. The bolt of energy hits you!!!
You die...

≈≈≈≈≈~~~~≈≈≈≈≈~~~~
≈≈≈~~~~~~~≈≈≈~~~~~
≈≈≈≈~~~~~~~~~~~~~~~
≈≈≈≈~~~~~~~~~~~~~~~≈~~~
≈≈≈≈≈~~~~~~~~~...~~~~≈≈~
≈≈≈≈≈~~~~..~~......~~≈≈
≈≈≈≈≈~~~.............# ###
≈≈≈≈≈~~~..@......♣...# .[#
≈≈≈≈≈~~~~~~~.........# ...#
≈≈≈≈≈~~~~~~~~..♣.8.♣.# ...
≈≈≈≈~~~~~~~~~~.3.....#.)†
≈≈≈≈~~~~~~~~~~...♣...#)####
≈≈≈≈~~~~~~~~~~...y...y..vv.
≈≈≈≈~~...~~~~.######3......
≈≈≈≈~~.#..~~~.#....'..'####
≈≈≈~~~....~~~~#....#..#)..


You could see a sun moth and a sun demon.

Vanquished Creatures
  A shard shrike (IceCv)
  Nikola (Shoals:1)
  Kirke (Shoals:2)
  Polyphemus (Shoals:2)
  Donald (Orc:2)
  Ilsuiw (Shoals:2)
  6 nagarajas (Snake:4)
  The ghost of topfpfpflanze the Warrior, an adept OpFi of Okawaru (Snake:3)
  A white draconian (IceCv)
  A minotaur (Gauntlet)
  2 merfolk impalers (Shoals:2)
  4 merfolk javelineers (Shoals:3)
  4 salamander tyrants
  4 catoblepae
  15 anacondas
  4 ogre magi (Orc:2)
  A merfolk aquamancer (Shoals:3)
  A hydra (Lair:5)
  An alligator (Shoals:2)
  4 alligator snapping turtles
  17 naga warriors
  10 two-headed ogres
  7 ironbound frosthearts (IceCv)
  13 death yaks
  5 shock serpents
  9 naga sharpshooters
  6 skysharks
  2 goliath frogs (Shoals:2)
  A sixfirhy (Gauntlet)
  6 sea snakes
  A swamp dragon (Snake:2)
  Pikel (D:5)
  5 naga ritualists
  2 slime creatures (Gauntlet)
  3 harpies (Shoals:3)
  An orange crystal statue (IceCv)
  11 mana vipers
  5 ugly things (IceCv)
  10 manticores
  2 cyclopes
  An orc sorcerer (Orc:2)
  A faun (Shoals:1)
  8 salamanders
  7 elephants (Lair:5)
  15 naga magi
  Joseph (D:7)
  A torpor snail (Lair:3)
  2 water nymphs
  37 black mambas
  6 merfolk sirens
  Maurice (D:10)
  7 guardian serpents
  12 cane toads
  A kobold demonologist (D:10)
  A minotaur zombie (Gauntlet)
  22 rime drakes
  15 komodo dragons
  10 merfolk
  A troll (Orc:2)
  26 polar bears
  3 wind drakes
  8 blink frogs
  7 snapping turtles
  Sigmund (D:5)
  A spriggan (D:8)
  Eustachio (D:5)
  8 wyverns
  30 yaks
  A wraith (D:10)
  2 hogs (Shoals:2)
  A basilisk (Lair:5)
  3 steam dragons
  Menkaure (D:5)
  27 nagas
  19 water moccasins
  Duvessa (D:7)
  2 sky beasts
  An ice beast (D:5)
  18 orc warriors
  29 ogres
  5 black bears
  2 centaurs (D:8)
  11 wolves
  3 lemures (D:5)
  2 phantoms
  Blork the orc (D:5)
  4 kobold brigands
  15 bullfrogs
  A gnoll sergeant (D:10)
  4 scorpions
  6 wights
  Dowan (D:7)
  15 killer bees
  8 hounds
  9 jellies
  15 orc priests
  6 iguanas
  6 hell rats (Lair:3)
  2 sleepcaps
  15 orc wizards
  A mummy (D:4)
  7 adders
  19 gnolls
  A white imp (D:7)
  5 ufetubi
  2 dart slugs
  77 orcs
  8 endoplasms
  2 giant cockroaches
  19 goblins
  7 hobgoblins
  33 kobolds
  4 quokkas
  3 ball pythons
  4 frilled lizards
  5 rats
839 creatures vanquished.

Vanquished Creatures (collateral kills)
  2 naga sharpshooters (Snake:4)
  A naga (Snake:4)
3 creatures vanquished.

Vanquished Creatures (others)
  38 fire vortices
  15 fulminant prisms
  20 fungi
  71 plants
144 creatures vanquished.

Grand Total: 986 creatures vanquished

Notes
Turn   | Place    | Note
-------+----------+-------------------------------------------
     0 | D:1      | Querens the Deep Elf Conjurer began the quest for the Orb.
     0 | D:1      | Reached XP level 1. HP: 10/10 MP: 6/6
   297 | D:1      | Reached XP level 2. HP: 15/15 MP: 4/8
   458 | D:1      | Learned a level 2 spell: Searing Ray
   685 | D:2      | Identified the +5 sling of Ustalouti {elec, *Corrode rF+
                  | rN+}
   769 | D:2      | Reached skill level 4 in Spellcasting
   771 | D:2      | Reached skill level 5 in Conjurations
   771 | D:2      | Reached XP level 3. HP: 19/19 MP: 2/10
  1365 | D:3      | Reached XP level 4. HP: 24/24 MP: 5/12
  1468 | D:3      | Reached skill level 5 in Spellcasting
  1539 | D:3      | Learned a level 4 spell: Iskenderun's Mystic Blast
  1544 | D:3      | Learned a level 4 spell: Fulminant Prism
  1672 | D:3      | Reached XP level 5. HP: 28/28 MP: 5/14
  1809 | D:4      | Found a snail-covered altar of Cheibriados.
  1813 | D:4      | Reached skill level 1 in Translocations
  1892 | D:4      | Noticed a phantom
  1899 | D:4      | Killed a phantom
  1916 | D:4      | Reached skill level 6 in Spellcasting
  1916 | D:4      | Reached XP level 6. HP: 21/32 MP: 2/17
  2190 | D:4      | Found a bloodstained altar of Trog.
  2488 | D:5      | Entered Level 5 of the Dungeon
  2492 | D:5      | Noticed Pikel
  2502 | D:5      | Killed Pikel
  2503 | D:5      | Reached skill level 7 in Spellcasting
  2503 | D:5      | Reached XP level 7. HP: 36/36 MP: 0/20
  2510 | D:5      | Reached skill level 8 in Spellcasting
  2510 | D:5      | Reached XP level 8. HP: 41/41 MP: 1/22
  2538 | D:5      | Found a broken altar of Ashenzari.
  2647 | D:5      | Found a blossoming altar of Fedhas.
  2690 | D:5      | Reached skill level 5 in Translocations
  2709 | D:5      | Noticed Sigmund
  2762 | D:5      | Noticed Menkaure
  2763 | D:5      | Noticed Eustachio
  2767 | D:5      | Killed Menkaure
  2770 | D:5      | Noticed Blork the orc
  2771 | D:5      | Killed Eustachio
  2772 | D:5      | Reached skill level 9 in Spellcasting
  2775 | D:5      | Killed Blork the orc
  2804 | D:5      | Killed Sigmund
  2808 | D:5      | Found a staircase to the Ecumenical Temple.
  2958 | D:6      | Reached XP level 9. HP: 45/45 MP: 19/24
  2996 | Temple   | Entered the Ecumenical Temple
  3060 | D:6      | Found a glowing silver altar of Zin.
  3145 | D:6      | Reached skill level 10 in Spellcasting
  3476 | D:7      | Noticed Duvessa
  3476 | D:7      | Noticed Dowan
  3481 | D:7      | Killed Dowan
  3486 | D:7      | Killed Duvessa
  3487 | D:7      | Reached skill level 10 in Conjurations
  3494 | D:7      | Reached skill level 11 in Spellcasting
  3658 | D:7      | Noticed Joseph
  3668 | D:7      | Killed Joseph
  3669 | D:7      | Reached XP level 10. HP: 45/50 MP: 4/27
  4037 | D:8      | Found a white marble altar of Elyvilon.
  4160 | D:8      | Reached skill level 12 in Spellcasting
  4197 | D:8      | Noticed a two-headed ogre
  4211 | D:8      | Killed a two-headed ogre
  4212 | D:8      | Reached skill level 1 in Shields
  4397 | D:8      | Found a flagged portal.
  4448 | Bailey   | Entered a bailey
  4456 | Bailey   | Noticed an orc warlord
  4475 | Bailey   | Acquired 1013 gold pieces
  4538 | Bailey   | Found a runed translucent gate.
  4548 | Bailey   | Found a runed translucent gate.
  4551 | Bailey   | Found a runed translucent gate.
  4715 | Bailey   | Acquired a +1 helmet of see invisible
  4912 | D:8      | Learned a level 9 spell: Fire Storm
  5136 | D:9      | Reached skill level 1 in Fire Magic
  5266 | D:9      | Found a shadowy altar of Dithmenos.
  5266 | D:9      | Found a hazy altar of Hepliaklqana.
  5310 | D:9      | Reached skill level 10 in Translocations
  5370 | D:9      | Found Qosesch's Book Shop.
  5381 | D:9      | Bought a Necronomicon for 952 gold pieces
  5381 | D:9      | Bought a book of Fire for 748 gold pieces
  5387 | D:9      | Learned a level 5 spell: Fireball
  5394 | D:9      | Learned a level 6 spell: Starburst
  5452 | D:9      | Noticed a two-headed ogre
  5467 | D:9      | Reached XP level 11. HP: 48/54 MP: 23/29
  5467 | D:9      | Killed a two-headed ogre
  5472 | D:9      | Reached skill level 13 in Spellcasting
  5673 | D:10     | Entered Level 10 of the Dungeon
  5676 | D:10     | Found a staircase to the Orcish Mines.
  5855 | D:10     | Found a radiant altar of Vehumet.
  5864 | D:10     | Became a worshipper of Vehumet
  5869 | D:10     | Noticed Maurice
  5874 | D:10     | Paralysed by Maurice for 3 turns
  5881 | D:10     | Paralysed by Maurice for 3 turns
  5884 | D:10     | Killed Maurice
  6181 | D:10     | Found a staircase to the Lair.
  6293 | D:11     | Noticed a boulder beetle
  6347 | Lair:1   | Entered Level 1 of the Lair of Beasts
  6354 | Lair:1   | Reached * piety under Vehumet
  6354 | Lair:1   | Offered knowledge of Freeze by Vehumet.
  6610 | Lair:1   | Reached skill level 5 in Fire Magic
  6611 | Lair:1   | Reached skill level 14 in Spellcasting
  6849 | Lair:1   | Reached skill level 5 in Shields
  6892 | Lair:2   | Noticed a skyshark
  6903 | Lair:2   | Killed a skyshark
  6904 | Lair:2   | Reached XP level 12. HP: 59/59 MP: 14/32
  7084 | Lair:2   | Reached ** piety under Vehumet
  7110 | Lair:2   | Offered knowledge of Poisonous Vapours by Vehumet.
  7164 | Lair:2   | Found a white marble altar of Elyvilon.
  7248 | Lair:2   | Found a staircase to the Shoals.
  7254 | Lair:2   | Reached skill level 15 in Spellcasting
  7434 | Lair:3   | Found a gate leading to a gauntlet.
  7455 | Lair:3   | Noticed a death yak
  7531 | Lair:3   | Found a hide-covered altar of Uskayaw.
  7552 | Lair:3   | Found the +4 skin of Zhor {*Englaciate rC+++ SInv}
  7563 | Lair:3   | Reached skill level 1 in Fighting
  7679 | Gauntlet | Entered a Gauntlet
  7679 | Gauntlet | Found a transporter.
  7679 | Gauntlet | Found a transporter.
  7679 | Gauntlet | Found a runed translucent door.
  7679 | Gauntlet | Found a runed translucent door.
  7687 | Gauntlet | Found a transporter.
  7691 | Gauntlet | Found a transporter.
  7706 | Gauntlet | Found a transporter.
  7707 | Gauntlet | Found a transporter.
  7709 | Gauntlet | Noticed a ghost crab
  7719 | Gauntlet | Found a transporter.
  7732 | Gauntlet | Noticed a ghost crab
  7735 | Gauntlet | Found a transporter.
  7739 | Gauntlet | Found a transporter.
  7759 | Gauntlet | Found a transporter.
  7769 | Gauntlet | Found a transporter.
  7773 | Gauntlet | Found a transporter.
  7863 | Gauntlet | Identified the +1 helmet of the Bulwark {rF- Int+5 SInv}
  7868 | Gauntlet | Identified the staff of conjuration "Lires Cuy" {rC+}
  7923 | Gauntlet | Noticed a minotaur
  7928 | Gauntlet | Killed a minotaur
  7947 | Gauntlet | Offered knowledge of Inner Flame by Vehumet.
  7974 | Lair:3   | Killed a death yak
  8010 | Lair:3   | Noticed a death yak
  8014 | Lair:3   | Killed a death yak
  8086 | Lair:3   | Noticed a death yak
  8093 | Lair:3   | Killed a death yak
  8094 | Lair:3   | Reached XP level 13. HP: 68/68 MP: 13/34
  8135 | Lair:3   | Reached skill level 16 in Spellcasting
  8386 | Lair:3   | Found a staircase to the Snake Pit.
  8512 | Lair:4   | Reached *** piety under Vehumet
  8551 | Lair:4   | Offered knowledge of Ignite Poison by Vehumet.
  8897 | Lair:4   | Found a runed translucent door.
  8899 | Lair:4   | Found a staircase to the Slime Pits.
  8928 | Lair:5   | Entered Level 5 of the Lair of Beasts
  8944 | Lair:5   | Reached **** piety under Vehumet
  8975 | Lair:5   | Identified the ring "Ashronuri" {+Blink rF+}
  9105 | Lair:5   | Offered knowledge of Airstrike by Vehumet.
  9153 | Lair:5   | Reached skill level 10 in Fire Magic
  9205 | Lair:5   | Found the amulet of the Air {Inacc Air Fly rElec RMsl}
  9273 | Lair:5   | Reached skill level 5 in Fighting
  9274 | Lair:5   | Reached skill level 17 in Spellcasting
  9352 | Lair:5   | Reached skill level 15 in Conjurations
  9402 | Lair:5   | Reached ***** piety under Vehumet
  9406 | Lair:5   | Offered knowledge of Conjure Ball Lightning by Vehumet.
  9489 | Lair:5   | Reached XP level 14. HP: 62/78 MP: 15/37
  9572 | Lair:5   | Got the Anthology of Breccia and the Sky
  9735 | Orc:1    | Entered Level 1 of the Orcish Mines
 10040 | Orc:2    | Entered Level 2 of the Orcish Mines
 10045 | Orc:2    | Noticed Donald
 10049 | Orc:2    | Killed Donald
 10257 | Orc:2    | Found a staircase to the Elven Halls.
 10287 | Orc:2    | Found Coutizali's General Store.
 10287 | Orc:2    | Found Baos's General Store.
 10294 | Orc:2    | Offered knowledge of Spellforged Servitor by Vehumet.
 10298 | Orc:2    | Reached skill level 18 in Spellcasting
 10304 | Orc:2    | Found Suowk's Jewellery Emporium.
 10304 | Orc:2    | Found Qeqypic's General Store.
 10316 | Orc:2    | Paralysed by an orc sorcerer for 4 turns
 10344 | Orc:2    | Bought a scroll of noise for 14 gold pieces
 10361 | Orc:2    | Bought a scroll of identify for 28 gold pieces
 10361 | Orc:2    | Bought a scroll of identify for 28 gold pieces
 10365 | Orc:2    | Bought a potion of resistance for 120 gold pieces
 10365 | Orc:2    | Bought a scroll of identify for 24 gold pieces
 10365 | Orc:2    | Bought a scroll of fog for 48 gold pieces
 10367 | Orc:2    | Bought a potion of resistance for 100 gold pieces
 10367 | Orc:2    | Bought a potion of lignification for 30 gold pieces
 10368 | Orc:2    | Bought a scroll of fog for 56 gold pieces
 10451 | Orc:2    | Found Potiyhop's Armour Boutique.
 10757 | Snake:1  | Entered Level 1 of the Snake Pit
 10817 | Snake:1  | Noticed a walking frostbound tome
 10819 | Snake:1  | Found Haurod's Book Emporium.
 10822 | Snake:1  | Noticed a walking divine tome
 10835 | Snake:1  | Identified the ring "Demovaec" {Str+5 Dex+5 SInv Stlth-}
 11030 | Snake:1  | Reached XP level 15. HP: 86/86 MP: 2/39
 11177 | Snake:1  | Offered knowledge of Lee's Rapid Deconstruction by Vehumet.
 11579 | Snake:2  | Reached skill level 19 in Spellcasting
 11808 | Snake:2  | Found Monedwug's Antique Armour Emporium.
 11816 | Snake:2  | Found a hazy altar of Hepliaklqana.
 11934 | Snake:2  | Bought a pair of embroidered gloves for 217 gold pieces
 12092 | Snake:2  | Found Epoasith's Superior Scales.
 12317 | Snake:3  | Found a runed translucent door.
 12412 | Snake:3  | Noticed topfpfpflanze's ghost (adept OpFi)
 12421 | Snake:3  | Killed topfpfpflanze's ghost
 12427 | Snake:3  | Identified the staff of air "Lueli" {rElec Str+4}
 12581 | Snake:3  | Found a basalt altar of Yredelemnul.
 12907 | Snake:4  | Entered Level 4 of the Snake Pit
 12926 | Snake:4  | Offered knowledge of Eringya's Noxious Bog by Vehumet.
 13015 | Snake:4  | Noticed a nagaraja
 13021 | Snake:4  | Found a frozen archway.
 13024 | Snake:4  | Killed a nagaraja
 13059 | IceCv    | Entered an ice cave
 13200 | IceCv    | Reached skill level 20 in Spellcasting
 13217 | IceCv    | Reached XP level 16. HP: 84/94 MP: 1/42
 13253 | IceCv    | Noticed a shard shrike
 13256 | IceCv    | Killed a shard shrike
 14096 | Snake:4  | Learned a level 8 spell: Lehudib's Crystal Spear
 14128 | Snake:4  | Reached skill level 1 in Earth Magic
 14131 | Snake:4  | Offered knowledge of Orb of Destruction by Vehumet.
 14132 | Snake:4  | Reached skill level 21 in Spellcasting
 14196 | Snake:4  | Reached skill level 15 in Fire Magic
 14647 | Snake:4  | Got a serpentine rune of Zot
 14822 | Shoals:1 | Entered Level 1 of the Shoals
 14827 | Shoals:1 | Noticed Nikola
 14829 | Shoals:1 | Killed Nikola
 15151 | Shoals:1 | Found Lyipoytu's Antique Weapon Shoppe.
 15166 | Shoals:1 | Reached XP level 17. HP: 94/99 MP: 19/44
 15480 | Shoals:2 | Noticed Ilsuiw
 15485 | Shoals:2 | Killed Ilsuiw
 15551 | Shoals:2 | Noticed Polyphemus
 15557 | Shoals:2 | Killed Polyphemus
 15566 | Shoals:2 | Noticed Kirke
 15584 | Shoals:2 | Killed Kirke
 15766 | Shoals:2 | Reached skill level 5 in Earth Magic
 15924 | Shoals:3 | Identified the +1 shortbow of Context {heavy, rElec MP+9
                  | Str+4 Int-4}
 16062 | Shoals:3 | Blown up by a sun moth

Illustrated notes

Levels and vault maps discovered:
D:1:      lemuel_arrival_cross, layout_basic, grunt_decor_clamped,
          grunt_decor_fettered
D:2:      layout_basic
D:3:      layout_rooms, grunt_ministairs_14, kennysheep_doodads
D:4:      layout_layer_cave, mainiacjoe_overflow_boulevard, slow_altar_2
D:5:      layout_rooms, lemuel_coloured_pillars_altar,
          nicolae_ashenzari_skybound, minmay_temple_entry_junction_2,
          uniq_menkaure, uniq_pikel, uniq_blork_the_orc, uniq_eustachio,
          uniq_sigmund
D:6:      minmay_recursive_quarters, layout_rooms, overflow_temple_1_default
D:7:      layout_basic, grunt_ministairs_1, chequers_serial_rivers_micro_e,
          uniq_joseph, uniq_duvessa
D:8:      layout_cave_pods, elyvilon_altar_4, lightli_bailey_entry_fortress,
          minmay_misc_feat_ornament, the_hattery
D:9:      layout_cave_pods, riverfiend_overflow_shadow_ancestor, serial_shops,
          nicolae_shop_peninsula
D:10:     layout_roguey, vehumet_altar_wand_db, grunt_lair_entry_orc_guard_hut,
          orc_david_3, uniq_maurice
D:11:     layout_cave_pools, serial_shops, shop, minivault_24
Temple:   cyrus_circular_temple
Lair:1:   layout_layer_cave, grunt_megastairs_3
Lair:2:   layout_roguey, minmay_shoals_entry_lonely_mermaid, basic_altar,
          st_stairs_11, minivault_25, grunt_megastairs_1, lemuel_fruit_fields
Lair:3:   layout_cave_pods, guppyfry_snake_entry_garden, gauntlet_entry_generic,
          basic_altar, hellmonk_guarded_unrand_zhor
Lair:4:   layout_long_grid, slime_entry_2, grunt_megastairs_5
Lair:5:   evilmike_catoblepas_cave, layout_cave_pods
Shoals:1: layout_shoals, serial_shops, nicolae_shop_trees, uniq_nikola
Shoals:2: layout_shoals, nicolae_shoals_goliath_grotto, uniq_ilsuiw,
          uniq_polyphemus, uniq_kirke
Shoals:3: cheibrodos_shoals_epimethial_gifts, layout_shoals,
          nicolae_shoals_bring_sunscreen, uniq_mlioglotl, uniq_aizul
Snake:1:  layout_grid_maze, serial_shops, nicolae_shop_mannequins, drop_trap
Snake:2:  layout_cave_town, serial_shops, shop, basic_altar, hellmonk_scale_shop
Snake:3:  layout_grid_maze, ebering_ghost_inner_flame, basic_altar,
          corexii_hall_statues_s
Snake:4:  grunt_snake_rune_serpentine_throne, layout_rooms,
          portal_ice_cave_entry_pillars_three, drop_trap
Orc:1:    layout_caves
Orc:2:    st_orc_ogre_mass, layout_caves, serial_shops, nicolae_lakefront_shop,
          nicolae_orc_lost_temple, uniq_donald

Skill      XL: |  1  2  3  4  5  6  7  8  9 10 11 12 13 14 15 16 17 |
---------------+----------------------------------------------------+-----
Spellcasting   | 4 5 6 7 8 9 11 12 14 15 17 18 20 21 | 21.8
Conjurations   | 5 6 7 8 10 11 12 14 15 16 17 18 19 | 19.0
Translocations | 2 4 6 8 10 | 10.0
Shields        | 2 5 |  5.0
Fire Magic     | 1 5 8 10 12 13 15 | 15.9
Fighting       | 3 5 7 8 9 |  9.3
Earth Magic    | 4 5 |  5.8
Dodging        | |  2.4
Stealth        | |  2.4

Action                     |  1- 3 |  4- 6 |  7- 9 | 10-12 | 13-15 | 16-18 || total
---------------------------+-------+-------+-------+-------+-------+-------++-------
  Melee: Staff             |       |       |       |       |    15 |    10 ||    25
   Fire: Sling             |       |     7 |    90 |   296 |    32 |       ||   425
   Cast: Magic Dart        |    46 |    30 |     2 |       |       |       ||    78
         Searing Ray       |     6 |    14 |    12 |       |       |       ||    32
         Iskenderun's Myst |       |     2 |    31 |   189 |   113 |    35 ||   370
         Fulminant Prism   |       |       |       |     4 |    11 |       ||    15
         Starburst         |       |       |       |     8 |   121 |    18 ||   147
         Fireball          |       |       |       |     2 |    61 |    58 ||   121
         Fire Storm        |       |       |       |       |    15 |    54 ||    69
         Lehudib's Crystal |       |       |       |       |       |    19 ||    19
  Evoke: Wand              |       |       |       |       |    13 |     4 ||    17
    Use: Potion            |       |       |     4 |       |       |     1 ||     5
         Scroll            |       |       |     1 |    15 |    10 |     2 ||    28
   Stab: Paralysed         |       |       |       |       |     4 |       ||     4
 Armour: Robe              |     2 |     2 |    23 |    44 |       |       ||    71
         Animal skin       |       |       |       |     1 |    35 |    19 ||    55
  Dodge: Dodged            |     3 |     9 |    46 |    90 |    63 |    40 ||   251
         Repelled          |       |       |       |     3 |     9 |     7 ||    19
  Block: Other             |       |     1 |    15 |    10 |       |       ||    26
         Reflection        |       |       |     1 |     8 |       |       ||     9
         Buckler           |       |       |       |    60 |    34 |       ||    94

Table legend: (Time is in decaauts)
 A = Elapsed time spent in this place.
 B = Non-inter-level travel time spent in this place.
 C = Inter-level travel time spent in this place.
 D = Time resting spent in this place.
 E = Time spent auto-exploring this place.
 F = Levels seen in this place.
 G = Mean time per level.
                   A        B        C        D        E       F      G
               +--------+--------+--------+--------+--------+-----+--------+
         Total |  16293 |  14701 |   1592 |    215 |      0 |  29 |  561.8 |
       Dungeon |   6176 |   5608 |    568 |      0 |      0 |  11 |  561.5 |
        Temple |     37 |     28 |      9 |      0 |      0 |   1 |   37.0 |
          Lair |   3445 |   3009 |    436 |     93 |      0 |   5 |  689.0 |
        Shoals |   1067 |   1037 |     30 |     15 |      0 |   3 |  355.7 |
     Snake Pit |   3520 |   3057 |    463 |     85 |      0 |   4 |  880.0 |
  Orcish Mines |    949 |    865 |     84 |      0 |      0 |   2 |  474.5 |
        Bailey |    334 |    334 |      0 |      0 |      0 |   1 |  334.0 |
      Ice Cave |    484 |    484 |      0 |     22 |      0 |   1 |  484.0 |
      Gauntlet |    276 |    276 |      0 |      0 |      0 |   1 |  276.0 |
               +--------+--------+--------+--------+--------+-----+--------+

Top non-repeatable levels by time:
 Snake:4: 1183 daAuts
  Lair:3: 946 daAuts
 Snake:3: 891 daAuts
     D:8: 796 daAuts
     D:4: 755 daAuts
 Snake:2: 750 daAuts
  Lair:2: 749 daAuts
  Lair:5: 721 daAuts
 Snake:1: 695 daAuts
     D:1: 676 daAuts
     D:2: 661 daAuts
    D:10: 650 daAuts
   Orc:2: 640 daAuts
     D:9: 594 daAuts
  Lair:1: 585 daAuts
